 Dungeon Crawl Stone Soup version 0.23.2 (webtiles) character file.

Game seed: 5418379573194172515

141 Joat the Sneak (level 5, 23/23 HPs)
             Began as a Felid Summoner on Apr 9, 2019.
             Was an Initiate of Elyvilon.
             Quit the game on level 4 of the Dungeon.
             The game lasted 00:27:04 (5268 turns).

Joat the Sneak (Felid Summoner)                     Turns: 5268, Time: 00:27:05

Health: 23/23      AC:  2    Str:  4    XL:     5   Next: 3%
Magic:  10/10      EV: 19    Int: 19    God:    Elyvilon [......]
Gold:   59         SH:  0    Dex: 16    Spells: 1/10 levels left
                                        Lives:  0   Deaths: 1

rFire    . . .     SeeInvis +     - Unarmed
rCold    . . .     Gourm    .   (shield unavailable)
rNeg     . . .     Faith    .   (armour unavailable)
rPois    .         Spirit   .   (helmet unavailable)
rElec    .         Reflect  .   (cloak unavailable)
rCorr    .         Harm     .   (gloves unavailable)
MR       .....                  (boots unavailable)
Stlth    +++.......             (no amulet)
HPRegen  0.07/turn              (no ring)
MPRegen  0.12/turn              (no ring)

@: quick
A: very small, no armour, no weapons or thrown items, stealth, claws 1, fangs 3,
see invisible, carnivore, speed 1, shaggy fur 2, slow metabolism 1, sharp paws
a: Renounce Religion


You were on level 4 of the Dungeon.
You worshipped Elyvilon.
Elyvilon was noncommittal.
You were not hungry.

You visited 2 branches of the dungeon, and saw 5 of its levels.

You collected 59 gold pieces.

Inventory:

Jewellery
 m - an uncursed ring of wizardry
Scrolls
 a - a scroll of enchant weapon {unknown}
 c - a scroll of magic mapping {unknown}
 d - 3 scrolls of blinking
 f - 3 scrolls of remove curse
 h - a scroll of enchant armour {unknown}
 n - a scroll of random uselessness {unknown}
Potions
 e - 2 potions of berserk rage {unknown}
 g - a potion of brilliance {unknown}
 i - a potion of resistance {unknown}
 j - 2 potions of flight {unknown}
 k - 2 potions of might {unknown}
 l - a potion of curing {unknown}
Comestibles
 b - 4 rations
 o - 3 chunks of flesh


   Skills:
 - Level 2.4 Fighting
 - Level 4.2 Dodging
 - Level 4.4 Stealth
 - Level 2.4 Unarmed Combat
 + Level 3.0 Spellcasting
 + Level 0.2 Conjurations
 - Level 4.1 Summonings
 + Level 0.5 Translocations


You had one spell level left.
You knew the following spells:

 Your Spells              Type           Power        Failure   Level  Hunger
a - Call Imp              Summ           ###.....     4%          2    ##.....
b - Blink                 Tloc           N/A          19%         2    ##.....
w - Call Canine Familiar  Summ           ###.....     9%          3    ###....
z - Magic Dart            Conj           #...         14%         1    None
A - Summon Small Mammal   Summ           ###.         2%          1    None

Your spell library contained the following spells:

 Spells                   Type           Power        Failure   Level  Hunger
 Summon Guardian Golem    Hex/Summ       ##......     19%         3    ###....
 Slow                     Hex            #.......     22%         2    ##.....
 Conjure Flame            Conj/Fire      #.......     41%         3    ###....
 Mephitic Cloud           Conj/Pois/Air  #.......     41%         3    ###....
 Summon Ice Beast         Ice/Summ       ##......     54%         4    ####...
 Summon Lightning Spire   Summ/Air       ##......     54%         4    ####...


Dungeon Overview and Level Annotations

Branches:
Dungeon (4/15)             Temple (1/1) D:4

Altars:
Ashenzari
Dithmenos
Elyvilon
Hepliaklqana
Kikubaaqudgha
Qazlal
Ru
Sif Muna
Trog
Vehumet
Xom
Yredelemnul
Zin
The Shining One

Annotations:
D:4 pikel, exclusions: slave and 4 more exclusions


Innate Abilities, Weirdness & Mutations

You cannot wear armour.
You are incapable of wielding weapons or throwing items.
Your paws allow you to move quietly. (Stealth)
You have sharp claws.
You have razor-sharp teeth.
You have supernaturally acute eyesight. (SInv)
You are carnivorous and can eat meat at any time.
You cover ground quickly.
You are covered in thick fur. (AC +2)
You have a slow metabolism.
Your sharp claws are effective at attacking unaware monsters.


Message History

Here: an orc wizard, wielding a -3 dagger and wearing a +0 robe The floor.
Unknown command.
Casting: Call Canine Familiar (safe; 9% risk of failure)
Confirm with . or Enter, or press ? or * to list all spells.
An orc priest comes into view. It is wielding a +0 club.
An orc comes into view. It is wielding a +0 club.
The orc priest calls down the wrath of Beogh upon you.
Beogh smites you!
The orc wizard casts a spell.
The orc wizard seems to speed up.
Your hound misses the orc wizard.
A giant cockroach comes into view.
Your hound bites the orc wizard but does no damage.
The orc priest mumbles some strange prayers to Beogh against you.
Beogh smites you!
Ouch! That really hurt!
You die...
You are now level 5!
You rejoin the land of the living...
Are you sure you want to abandon this character and quit the game? (Confirm with "yes".)

###
#..
#.#
#.#
#.#
#.####
#@...#
####.#


There were no monsters in sight!

Vanquished Creatures
  Grinder (D:3)
  An adder (D:3)
  A dart slug (D:2)
  3 leopard geckos
  An orc (D:3)
  5 bats
  5 goblins
  4 hobgoblins
  2 jackals (D:3)
  5 kobolds
  A quokka (D:3)
  2 ball pythons (D:1)
  5 frilled lizards
  12 rats
48 creatures vanquished.

Vanquished Creatures (collateral kills)
  A slave (D:4)
  Crazy Yiuf (D:2)
  2 orc wizards (D:3)
  4 adders
  3 gnolls (D:2)
  2 worms (D:2)
  A dart slug (D:1)
  2 leopard geckos
  3 orcs (D:3)
  2 giant cockroaches
  2 goblins (D:1)
  4 hobgoblins
  3 jackals
  A bat (D:3)
  2 frilled lizards (D:2)
  7 kobolds
  2 rats (D:3)
42 creatures vanquished.

Vanquished Creatures (others)
  A hobgoblin (D:2)
1 creature vanquished.

Grand Total: 91 creatures vanquished

Notes
Turn   | Place    | Note
-------+----------+-------------------------------------------
     0 | D:1      | Joat the Felid Summoner began the quest for the Orb.
     0 | D:1      | Reached XP level 1. HP: 7/7 MP: 4/4
   455 | D:1      | Reached XP level 2. HP: 4/11 MP: 6/6
   664 | D:1      | Learned a level 2 spell: Call Imp
  1584 | D:2      | Found a glowing silver altar of Zin.
  1584 | D:2      | Noticed an angel
  1588 | D:2      | Found a shimmering altar of Xom.
  1615 | D:2      | Reached XP level 3. HP: 10/15 MP: 2/8
  1628 | D:2      | Reached skill level 1 in Fighting
  1628 | D:2      | Reached skill level 1 in Unarmed Combat
  2391 | D:2      | Reached XP level 4. HP: 19/19 MP: 9/9
  2472 | D:2      | Learned a level 3 spell: Call Canine Familiar
  2655 | D:2      | Noticed a moth of wrath
  2658 | D:2      | Found a bloodstained altar of Trog.
  2798 | D:2      | Found a runed translucent door.
  2799 | D:2      | Noticed Crazy Yiuf
  2818 | D:2      | Killed Crazy Yiuf
  3016 | D:2      | Found a deep blue altar of Sif Muna.
  3019 | D:2      | Became a worshipper of Sif Muna the Loreminder
  3764 | D:3      | Noticed Grinder
  3809 | D:3      | Killed Grinder
  3809 | D:3      | Reached XP level 5. HP: 23/23 MP: 2/10
  4295 | D:3      | Learned a level 2 spell: Blink
  4297 | D:3      | Learned a level 1 spell: Magic Dart
  4640 | D:3      | Gained mutation: You are covered in thick fur. (AC +2)
                  | [Felid growth]
  4640 | D:3      | Reached XP level 6. HP: 27/27 MP: 2/11
  4746 | D:4      | Found a staircase to the Ecumenical Temple.
  4746 | D:4      | Noticed a slave
  4759 | Temple   | Entered the Ecumenical Temple
  5020 | Temple   | Fell from the grace of Sif Muna
  5020 | Temple   | Became a worshipper of Ru the Awakened
  5061 | Temple   | Fell from the grace of Ru
  5061 | Temple   | Became a worshipper of the Shining One
  5086 | Temple   | Fell from the grace of the Shining One
  5086 | Temple   | Became a worshipper of Elyvilon the Healer
  5184 | D:4      | Killed a slave
  5267 | D:4      | Killed from afar by an orc priest
  5268 | D:4      | Reached XP level 5. HP: -2/23 MP: 8/10
  5268 | D:4      | Quit the game

Skill      XL: |  1  2  3  4 |
---------------+-------------+-----
Spellcasting   | 3 |  3.0
Fighting       | 1 2 |  2.4
Unarmed Combat | 1 2 |  2.4
Dodging        | 3 4 |  4.2
Stealth        | 3 4 |  4.4
Conjurations   | |  0.2
Summonings     | |  4.1
Translocations | |  0.5

Action                   |  1- 3 |  4- 6 || total
-------------------------+-------+-------++-------
Melee: Unarmed           |    62 |   107 ||   169
       Bite              |     2 |     5 ||     7
       Punch             |     2 |       ||     2
 Cast: Summon Small Mamm |    14 |       ||    14
       Call Imp          |    25 |    17 ||    42
       Call Canine Famil |       |    11 ||    11
  Use: Scroll            |     2 |       ||     2
 Stab: Sleeping          |    11 |    10 ||    21
       Distracted        |       |     3 ||     3
  Eat: Chunk             |    12 |     7 ||    19
Armor: Skin              |     2 |     4 ||     6
Dodge: Dodged            |    86 |    95 ||   181
